cohdb
Replays
Latest Replays
All Replays
Popular Replays
Top Player Replays
Match Explorer
How It Works
Community
CoH3 Stats
Reddit
Sign in to upload your games and track your stats! →
Sign in with Steam
Match 41317380
Unlisted
Match 41317380
Overview
Messages
Build Orders
End
Construct Weapon Support Center
Scout Squad
M1919 Machine Gun Team
M1919 Machine Gun Team
Construct Barracks
M1 Mortar Team
Riflemen Squad
Mechanized Support Center
M3 Armored Personnel Carrier
Selects Heavy Weapons
Selects Assault Carriers
Selects M2HB .50cal Heavy Machine Gun
M3 Assault Carrier
Designate Forward Repair Station
Selects Exchangeable Parts
Improvised Armor
Riflemen Squad
Grenade Package
M1918 Browning Automatic Rifles
Construct Tank Depot
M1 Mortar Team
Riflemen Squad
Engineer Squad
Designate Forward Repair Station
M4A1 Sherman Medium Tank
Khayyam
Corpse
Chaos Lord
jota barba 7
0
0
Comments
sign in to comment!
No comments posted yet!